 Dungeon Crawl Stone Soup version 0.20.1-1-g8b1a95d (webtiles) character file.

5991 grogolog the Basher (level 10, -10/65 HPs)
             Began as a Gargoyle Fighter on Sept 10, 2017.
             Was an Elder of Trog.
             Mangled by a komodo dragon (22 damage)
             ... on level 12 of the Dungeon.
             The game lasted 01:07:24 (8678 turns).

grogolog the Basher (Gargoyle Fighter)              Turns: 8678, Time: 01:07:25

Health: -10/65     AC: 23    Str: 23    XL:     10   Next: 85%
Magic:  10/10      EV:  4    Int: 12    God:    Trog [****..]
Gold:   330        SH: 17    Dex:  9    Spells: 9/9 levels left

rFire    . . .     SeeInvis .   x - +6 flail "Riphuf" {holy, Fragile rPois Int+3}
rCold    . . .     Gourm    .   C - +0 large shield
rNeg     + + .     Faith    +   m - +0 plate armour
rPois    ∞         Spirit   .   v - +0 helmet
rElec    +         Reflect  .   (no cloak)
rCorr    +         Harm     .   w - +0 pair of gloves
MR       .....                  (no boots)
Stlth    ..........             u - amulet of faith
Regen    0.2/turn               l - ring of resist corrosion
MPRegen  0.2/turn               b - ring of positive energy

@: berserk cooldown, slowed, very slow
A: negative energy resistance 1, electricity resistance, unbreathing,
petrification resistance, rot immunity, AC +7
a: Berserk, Trog's Hand, Brothers in Arms, Burn Spellbooks, Renounce Religion


You were on level 12 of the Dungeon.
You worshipped Trog.
Trog was greatly pleased with you.
You were hungry.

You visited 1 branch of the dungeon, and saw 10 of its levels.

You collected 418 gold pieces.
You spent 88 gold pieces at shops.

Inventory:

Hand Weapons
 a - a +1 flail
 x - the +6 flail "Riphuf" (weapon) {holy, Fragile rPois Int+3}
   (You found it on level 7 of the Dungeon)

   It has been blessed by the Shining One to cause great damage to the undead
   and demons.
   It affects your intelligence (+3).
   It protects you from poison.
   It will be destroyed if unequipped.
 z - a +0 flail of protection
Armour
 j - a +0 ring mail of fire resistance
 m - a +0 plate armour (worn)
 v - a +0 helmet (worn)
 w - a +0 pair of gloves (worn)
 C - a +0 large shield (worn)
Jewellery
 b - a ring of positive energy (right hand)
 l - a ring of resist corrosion (left hand)
 u - an amulet of faith (around neck)
Scrolls
 h - a scroll of enchant armour
 k - a scroll of noise {unknown}
 o - a scroll of amnesia
 q - 5 scrolls of remove curse
 t - 2 scrolls of recharging {unknown}
 y - 2 scrolls of enchant weapon
 D - a scroll of identify
 E - a scroll of fog {unknown}
 F - a scroll of teleportation {unknown}
Potions
 c - 2 potions of resistance
 d - a potion of lignification
 e - a potion of flight
 g - a potion of ambrosia
 n - a potion of magic
 s - 2 potions of curing
 A - a potion of mutation {unknown}
 B - a potion of might
Comestibles
 f - 4 bread rations
 i - 14 royal jellies
 p - 7 fruits
 r - 4 meat rations


   Skills:
 * Level 8.5 Fighting
 + Level 10.0 Maces & Flails
 * Level 8.3 Armour
 - Level 1.0 Dodging
 + Level 0.2 Stealth
 + Level 9.1 Shields


You had 9 spell levels left.
You didn't know any spells.

Dungeon Overview and Level Annotations

Branches:
Dungeon (9/15)
 Temple: D:4-7         Lair: D:8-11         Orc: D:9-12

Altars:
Cheibriados
Fedhas
Kikubaaqudgha
Makhleb
Qazlal
Trog
Vehumet
Xom

Shops:
D:4 %

Annotations:
D:6 dxctxrx's ghost, novice DsGl


Innate Abilities, Weirdness & Mutations

You are resistant to torment.
Your stone body is resilient. (AC +7)
You are immune to poison.
You resist negative energy. (rN+)
You are resistant to electric shocks. (rElec)
You can survive without breathing.
You are immune to petrification.
You are immune to rotting.


Message History

The centaur moves out of view.
The komodo dragon bites you but does no damage.
You block the komodo dragon's attack.
The centaur wields a shortbow.
The centaur shoots an arrow.
The arrow barely misses you.
You hear an angry hiss.
You hear two shouts!
Found a phantom mirror.
You see here an arrow.
The centaur unwields an uncursed shortbow.
You block the centaur's attack.
The komodo dragon bites you but does no damage.
The centaur wields an uncursed shortbow.
The centaur shoots an arrow.
You block the arrow.
A two-headed ogre comes into view. It is wielding two giant clubs.
You see here an arrow.
The two-headed ogre moves out of view.
The centaur shoots an arrow.
You block the arrow.
The komodo dragon bites you but does no damage.
The komodo dragon bites you!!
You die...

.###.#.##
..#.#....##
#.........
#........#
##=...#.#.###
##.....#.....
#...#...#..#
#...#......#
#.#...#..@(..#
#....††..#lc.#####
#.#..###O#O......#
#.#......#5....#.#
......#.....#.....
......
#.###O#.....
#.#.... #. .# .}..
# #.... .. .. .#..
#.#..### ### ..


You could see 2 two-headed ogres, a komodo dragon, an ogre, a centaur and a
shadow imp.

Vanquished Creatures
  2 two-headed ogres (D:8)
  4 hippogriffs
  2 wyverns
  Eustachio (D:5)
  2 hungry ghosts
  2 orc warriors
  2 ice beasts
  2 sky beasts
  4 ogres
  A phantom (D:8)
  2 centaurs
  3 bullfrogs
  2 big kobolds (D:8)
  Blork the orc (D:5)
  4 howler monkeys
  4 crimson imps
  2 hounds (D:4)
  A bullfrog zombie (D:7)
  3 jellies (D:9)
  5 orc priests
  3 centaur skeletons
  Jessica (D:2)
  A bullfrog skeleton (D:5)
  11 orc wizards
  2 iguanas
  13 worker ants
  A killer bee zombie (D:8)
  10 adders
  2 howler monkey skeletons
  2 shadow imps
  6 oozes
  2 adder zombies
  An adder skeleton (D:4)
  2 worms (D:3)
  A dart slug (D:2)
  2 leopard geckos
  39 orcs
  3 giant cockroaches
  7 goblins
  8 hobgoblins
  9 jackals
  5 quokkas
  2 ball pythons
  7 bats
  4 frilled lizards
  15 kobolds
  A leopard gecko skeleton (D:4)
  7 rats
216 creatures vanquished.

Vanquished Creatures (others)
  A sky beast (D:5)
  A jelly (D:6)
2 creatures vanquished.

Grand Total: 218 creatures vanquished

Notes
Turn   | Place    | Note
-------+----------+-------------------------------------------
     0 | D:1      | grogolog the Gargoyle Fighter began the quest for the Orb.
     0 | D:1      | Reached XP level 1. HP: 14/14 MP: 1/1
   164 | D:1      | Reached XP level 2. HP: 19/19 MP: 2/2
   687 | D:2      | Reached XP level 3. HP: 23/23 MP: 3/3
   962 | D:2      | Reached skill level 3 in Maces & Flails
   962 | D:2      | Reached XP level 4. HP: 21/29 MP: 4/4
  1364 | D:2      | Noticed Jessica
  1375 | D:2      | Killed Jessica
  1511 | D:3      | Found an ancient bone altar of Kikubaaqudgha.
  1718 | D:3      | Reached XP level 5. HP: 33/33 MP: 5/5
  1914 | D:3      | Found a stormy altar of Qazlal.
  2135 | D:3      | Noticed a moth of wrath
  2138 | D:3      | Found a bloodstained altar of Trog.
  2183 | D:3      | Became a worshipper of Trog the Wrathful
  2341 | D:4      | Noticed an ogre
  2352 | D:4      | Killed an ogre
  2352 | D:4      | Reached skill level 4 in Maces & Flails
  2352 | D:4      | Reached XP level 6. HP: 14/38 MP: 6/6
  2785 | D:4      | Reached skill level 5 in Maces & Flails
  2790 | D:4      | Found Yremanif's Food Emporium.
  2796 | D:4      | Bought 4 fruits for 66 gold pieces
  2796 | D:4      | Bought a royal jelly for 22 gold pieces
  2928 | D:4      | Noticed a hippogriff
  2945 | D:4      | Killed a hippogriff
  2945 | D:4      | Reached XP level 7. HP: 17/44 MP: 7/7
  3203 | D:4      | Reached * piety under Trog
  3297 | D:4      | Reached skill level 6 in Maces & Flails
  3363 | D:4      | Reached skill level 5 in Fighting
  3408 | D:5      | Entered Level 5 of the Dungeon
  3408 | D:5      | Noticed Eustachio
  3515 | D:5      | Killed Eustachio
  3515 | D:5      | Reached skill level 5 in Shields
  3515 | D:5      | Reached XP level 8. HP: 43/49 MP: 8/8
  3871 | D:5      | Reached skill level 5 in Armour
  3871 | D:5      | Reached skill level 1 in Dodging
  4591 | D:5      | Noticed Blork the orc
  4605 | D:5      | Reached skill level 7 in Maces & Flails
  4616 | D:5      | Killed Blork the orc
  4762 | D:5      | Reached ** piety under Trog
  5329 | D:6      | Reached XP level 9. HP: 53/55 MP: 9/9
  5351 | D:6      | Found a radiant altar of Vehumet.
  5522 | D:6      | Noticed dxctxrx's ghost (novice DsGl)
  6074 | D:7      | Reached skill level 8 in Maces & Flails
  6103 | D:7      | Got a steaming flail
  6104 | D:7      | Identified the +6 flail "Riphuf" {holy, Fragile rPois Int+3} (You found it on level 7 of the Dungeon)
  6352 | D:7      | Found a burning altar of Makhleb.
  6352 | D:7      | Found a shimmering altar of Xom.
  6470 | D:7      | Reached *** piety under Trog
  7099 | D:8      | Found a snail-covered altar of Cheibriados.
  7099 | D:8      | Found a blossoming altar of Fedhas.
  7400 | D:8      | Noticed a two-headed ogre
  7411 | D:8      | Killed a two-headed ogre
  7411 | D:8      | Reached skill level 9 in Maces & Flails
  7411 | D:8      | Reached XP level 10. HP: 63/63 MP: 10/10
  7484 | D:8      | Received a gift from Trog
  7511 | D:8      | Noticed a two-headed ogre
  7524 | D:8      | Killed a two-headed ogre
  8120 | D:9      | Reached **** piety under Trog
  8613 | D:9      | Reached skill level 10 in Maces & Flails
  8635 | D:9      | You fall through a shaft for 3 floors!
  8638 | D:12     | Noticed a two-headed ogre
  8672 | D:12     | HP: 1/65 [komodo dragon (19)]
  8678 | D:12     | Noticed a two-headed ogre
  8678 | D:12     | Mangled by a komodo dragon

Skill      XL: |  1  2  3  4  5  6  7  8  9 10 |
---------------+-------------------------------+-----
Shields        | 4 5 6 8 9 |  9.1
Maces & Flails | 3 4 5 6 7 9 10 | 10.0
Fighting       | 4 5 6 7 8 |  8.5
Armour         | 4 5 7 8 |  8.3
Dodging        | 1 |  1.0
Stealth        | |  0.2

Action                   |  1- 3 |  4- 6 |  7- 9 | 10-12 || total
-------------------------+-------+-------+-------+-------++-------
Melee: Flail             |   100 |   227 |   562 |   187 ||  1076
Invok: Berserk           |       |       |     6 |     1 ||     7
  Use: Potion            |     1 |     8 |     5 |     4 ||    18
       Scroll            |       |     4 |     8 |       ||    12
  Eat: Fruit             |       |     3 |     2 |       ||     5
       Bread ration      |       |     1 |     2 |     1 ||     4
       Meat ration       |       |       |     3 |       ||     3
       Royal jelly       |       |       |     1 |     1 ||     2
Armor: Scale mail        |    76 |       |       |       ||    76
       Skin              |     7 |       |       |       ||     7
       Plate armour      |       |   222 |   613 |    94 ||   929
Dodge: Dodged            |    44 |    60 |   138 |    16 ||   258
Block: Shield            |    97 |   162 |   386 |       ||   645
       Large shield      |       |       |    14 |   178 ||   192
